AAA
FLUSHING CHIEFS @ BAKERSFIELD CANNONS
07/21/2059
 
TOP OF THE 1ST
Flushing Chiefs batting - Pitching for Bakersfield Cannons : RHP Brenden De Jong
Pitching: RHP Brenden De Jong
Batting: RHB Cody Turner 0-0: Ball
1-0: Called Strike
1-1: SINGLE (Line Drive, 8LS, EV 99.4 MPH)
Batting: RHB Isaac Bonner 0-0: Ball
1-0: Ball
2-0: Called Strike
2-1: Foul Ball, location: 2F
2-2: Strikes out swinging
Batting: RHB Adrien Mondragon 0-0: DOUBLE (Flyball, 8LXD, EV 98.8 MPH)
Cody Turner to third
Batting: LHB Marco Husted 0-0: Called Strike
0-1: Foul Ball, location: 2F
0-2: Foul Ball, location: 2F
0-2: Ball
1-2: Ball
2-2: Ball
3-2: Base on Balls
Batting: RHB Venric Udaka 0-0: Ball
1-0: Called Strike
1-1: Ball
2-1: Fly out, F7 (Line Drive, 7, EV 93.8 MPH)
Batting: RHB Stanton Wamugunda 0-0: Ball
1-0: Ball
2-0: Ball
3-0: Base on Balls
Cody Turner scores
Adrien Mondragon to third
Marco Husted to second
Batting: RHB Mason Dvorak 0-0: Ball
1-0: Foul Ball, location: 2F
1-1: SINGLE (Groundball, 4MD, EV 107.5 MPH)
Adrien Mondragon scores
Marco Husted to third
Stanton Wamugunda to second
Runner from 3rd tries for Home, SAFE, throw by CF to home
Batting: RHB Vance Thompson 0-0: Swinging Strike
0-1: Called Strike
0-2: Ball
1-2: Ball
2-2: Strikes out swinging
Top of the 1st over - 3 runs, 3 hits, 0 errors, 2 left on base; Flushing 3 - Bakersfield 0
BOTTOM OF THE 1ST
Bakersfield Cannons batting - Pitching for Flushing Chiefs : RHP Andy Thorstad
Pitching: RHP Andy Thorstad
Batting: RHB Colby Hullinger 0-0: Ball
1-0: Foul Ball, location: 2F
1-1: Ball
2-1: Fly out, F9 (Flyball, 89M, EV 81.9 MPH)
Batting: RHB Kaileb Romero 0-0: Ball
1-0: Swinging Strike
1-1: Ball
2-1: Foul Ball, location: 2F
2-2: Ball
3-2: Base on Balls
Batting: LHB Keon Kakazai 0-0: Ball
Kaileb Romero is caught stealing 2nd base 2-6
1-0: Ball
2-0: Called Strike
2-1: Ball
3-1: Foul Ball, location: 2F
3-2: SINGLE (Groundball, 3S, EV 72.5 MPH) (infield hit)
Batting: RHB Adan Natoli 0-0: Called Strike
0-1: Ball
1-1: Called Strike
1-2: Ground out 6-3 (Groundball, 6S, EV 66.2 MPH)
Bottom of the 1st over - 0 runs, 1 hit, 0 errors, 1 left on base; Flushing 3 - Bakersfield 0
TOP OF THE 2ND
Flushing Chiefs batting - Pitching for Bakersfield Cannons : RHP Brenden De Jong
Batting: RHB Mustafa Macias 0-0: Ball
1-0: Fly out, F8 (Flyball, 8RM, EV 88.1 MPH)
Batting: RHB Cody Turner 0-0: Ball
1-0: Fly out, F9 (Flyball, 9, EV 88.8 MPH)
Batting: RHB Isaac Bonner 0-0: Called Strike
0-1: Foul Ball, location: 2F
0-2: Ball
1-2: Strikes out swinging
Top of the 2nd over - 0 runs, 0 hits, 0 errors, 0 left on base; Flushing 3 - Bakersfield 0
BOTTOM OF THE 2ND
Bakersfield Cannons batting - Pitching for Flushing Chiefs : RHP Andy Thorstad
Batting: RHB Jake Christensen 0-0: Swinging Strike
0-1: Fly out, F9 (Flyball, 9, EV 86.9 MPH)
Batting: RHB Marcus McGraw 0-0: Foul Ball, location: 2F
0-1: Foul Ball, location: 2F
0-2: Foul Ball, location: 2F
0-2: Ball
1-2: Ball
2-2: Fly out, F8 (Line Drive, 8RM, EV 89.4 MPH)
Batting: LHB Britt Moore 0-0: Ball
1-0: Ground out 6-3 (Groundball, 6D, EV 103.1 MPH)
Bottom of the 2nd over - 0 runs, 0 hits, 0 errors, 0 left on base; Flushing 3 - Bakersfield 0
TOP OF THE 3RD
Flushing Chiefs batting - Pitching for Bakersfield Cannons : RHP Brenden De Jong
Batting: RHB Adrien Mondragon 0-0: Ball
1-0: Ball
2-0: Ball
3-0: Called Strike
3-1: Hit by Pitch
Batting: LHB Marco Husted 0-0: Ball
1-0: Called Strike
1-1: Ball
2-1: Foul Ball, location: 2F
2-2: Hit by Pitch
Adrien Mondragon to second
Batting: RHB Venric Udaka 0-0: Called Strike
0-1: Called Strike
0-2: Ball
1-2: Strikes out swinging
Batting: RHB Stanton Wamugunda 0-0: Foul Ball, location: 2F
0-1: Foul Ball, location: 2F
0-2: Foul Ball, location: 2F
0-2: Ball
1-2: Fly out, F7 (Flyball, 78D, EV 97.5 MPH)
Batting: RHB Mason Dvorak 0-0: Foul Ball, location: 2F
0-1: Foul Ball, location: 2F
0-2: Ball
1-2: Ball
2-2: Strikes out looking
Top of the 3rd over - 0 runs, 0 hits, 0 errors, 2 left on base; Flushing 3 - Bakersfield 0
BOTTOM OF THE 3RD
Bakersfield Cannons batting - Pitching for Flushing Chiefs : RHP Andy Thorstad
Batting: LHB Carlton Carreon 0-0: Called Strike
0-1: Ball
1-1: Ball
2-1: Called Strike
2-2: SINGLE (Line Drive, 5D, EV 94.4 MPH)
Batting: RHB Nelson Dimas 0-0: Foul Ball, location: 2F
0-1: Foul Ball, location: 2F
0-2: Foul Ball, location: 2F
0-2: Ball
1-2: Foul Ball, location: 2F
1-2: Ball
2-2: Strikes out swinging
Batting: RHB Colby Hullinger 0-0: Fielders Choice at 2nd, 5-4 (Groundball, 56, EV 101.9 MPH)
Batting: RHB Kaileb Romero 0-0: Ball
1-0: Foul Ball, location: 2F
1-1: Fielders Choice at 2nd, 6-4 (Groundball, 6, EV 83.8 MPH)
Bottom of the 3rd over - 0 runs, 1 hit, 0 errors, 1 left on base; Flushing 3 - Bakersfield 0
TOP OF THE 4TH
Flushing Chiefs batting - Pitching for Bakersfield Cannons : RHP Brenden De Jong
Batting: RHB Vance Thompson 0-0: Ball
1-0: Called Strike
1-1: Foul Ball, location: 2F
1-2: Foul Ball, location: 2F
1-2: Ball
2-2: Strikes out swinging
Batting: RHB Mustafa Macias 0-0: Swinging Strike
0-1: Foul Ball, location: 2F
0-2: Foul Ball, location: 2F
0-2: Ground out 6-3 (Groundball, 6, EV 103.8 MPH)
Batting: RHB Cody Turner 0-0: Ground out 5-3 (Groundball, 56, EV 77.5 MPH)
Top of the 4th over - 0 runs, 0 hits, 0 errors, 0 left on base; Flushing 3 - Bakersfield 0
BOTTOM OF THE 4TH
Bakersfield Cannons batting - Pitching for Flushing Chiefs : RHP Andy Thorstad
Batting: LHB Keon Kakazai 0-0: Called Strike
0-1: Ball
1-1: Ball
2-1: Foul Ball, location: 2F
2-2: Ball
3-2: TRIPLE (Flyball, 8RXD, EV 97.5 MPH)
Batting: RHB Adan Natoli 0-0: Ball
1-0: SINGLE (Groundball, 6MD, EV 99.4 MPH)
Keon Kakazai scores
Batting: RHB Jake Christensen 0-0: Ball
1-0: Ball
2-0: Called Strike
2-1: Called Strike
2-2: SINGLE (Groundball, 6MD, EV 100.6 MPH)
Adan Natoli to second
Batting: RHB Marcus McGraw 0-0: Called Strike
0-1: Ball
1-1: Grounds into double play, 6-4-3 (Groundball, 6, EV 103.8 MPH)
Adan Natoli to third
Batting: LHB Britt Moore 0-0: Called Strike
0-1: SINGLE (Groundball, 6MD, EV 105.0 MPH)
Adan Natoli scores
Batting: LHB Carlton Carreon 0-0: Called Strike
0-1: Ball
1-1: Foul Ball, location: 2F
1-2: Fly out, F9 (Flyball, 9, EV 81.9 MPH)
Bottom of the 4th over - 2 runs, 4 hits, 0 errors, 1 left on base; Flushing 3 - Bakersfield 2
TOP OF THE 5TH
Flushing Chiefs batting - Pitching for Bakersfield Cannons : RHP Brenden De Jong
Batting: RHB Isaac Bonner 0-0: SINGLE (Flyball, 34D, EV 89.4 MPH)
Batting: RHB Adrien Mondragon 0-0: Called Strike
0-1: Called Strike
0-2: Ball
1-2: Foul Ball, location: 2F
1-2: Fly out, F7 (Flyball, 78M, EV 82.5 MPH)
Batting: LHB Marco Husted 0-0: Ball
1-0: Ball
2-0: Swinging Strike
2-1: Foul Ball, location: 2F
2-2: Fly out, F6 (Popup, 6MD, EV 71.9 MPH)
Batting: RHB Venric Udaka 0-0: Called Strike
0-1: Ground out 4-3 (Groundball, 34, EV 85.0 MPH)
Top of the 5th over - 0 runs, 1 hit, 0 errors, 1 left on base; Flushing 3 - Bakersfield 2
BOTTOM OF THE 5TH
Bakersfield Cannons batting - Pitching for Flushing Chiefs : RHP Andy Thorstad
Batting: RHB Nelson Dimas 0-0: Called Strike
0-1: Ball
1-1: Foul Ball, location: 2F
1-2: Ball
2-2: Strikes out swinging
Batting: RHB Colby Hullinger 0-0: Foul Ball, location: 2F
0-1: Ball
1-1: Called Strike
1-2: Ball
2-2: Foul Ball, location: 2F
2-2: Fly out, F8 (Line Drive, 8RM, EV 96.2 MPH)
Batting: RHB Kaileb Romero 0-0: Called Strike
0-1: Swinging Strike
0-2: Ball
1-2: Fly out, F8 (Flyball, 8RD, EV 86.2 MPH)
Bottom of the 5th over - 0 runs, 0 hits, 0 errors, 0 left on base; Flushing 3 - Bakersfield 2
TOP OF THE 6TH
Flushing Chiefs batting - Pitching for Bakersfield Cannons : RHP Brenden De Jong
Batting: RHB Stanton Wamugunda 0-0: Swinging Strike
0-1: Foul Ball, location: 2F
0-2: Strikes out swinging
Batting: RHB Mason Dvorak 0-0: Ground out 1-3 (Groundball, 13S, EV 61.2 MPH)
Batting: RHB Vance Thompson 0-0: Called Strike
0-1: Swinging Strike
0-2: Strikes out swinging
Top of the 6th over - 0 runs, 0 hits, 0 errors, 0 left on base; Flushing 3 - Bakersfield 2
BOTTOM OF THE 6TH
Bakersfield Cannons batting - Pitching for Flushing Chiefs : RHP Andy Thorstad
Batting: LHB Keon Kakazai 0-0: Ball
1-0: Swinging Strike
1-1: SINGLE (Line Drive, 8LS, EV 99.4 MPH)
Batting: RHB Adan Natoli 0-0: Called Strike
0-1: Grounds into double play, 5-4-3 (Groundball, 25, EV 86.2 MPH)
Batting: RHB Jake Christensen 0-0: Ball
1-0: Foul Ball, location: 2F
1-1: Swinging Strike
1-2: SINGLE (Line Drive, 89S, EV 89.4 MPH)
Batting: RHB Marcus McGraw 0-0: Ball
Jake Christensen steals 2nd base
1-0: Called Strike
1-1: Ball
2-1: SINGLE (Line Drive, 78S, EV 94.4 MPH)
Jake Christensen to third
Runner from 3rd tries for Home, SAFE, throw by LF to home
Batting: LHB Britt Moore 0-0: Foul Ball, location: 2F
0-1: Foul Ball, location: 2F
0-2: Ball
1-2: Ball
2-2: Foul Ball, location: 2F
2-2: Ball
3-2: Ground out 5-3 (Groundball, 56, EV 99.4 MPH)
Bottom of the 6th over - 1 run, 3 hits, 0 errors, 1 left on base; Flushing 3 - Bakersfield 3
TOP OF THE 7TH
Flushing Chiefs batting - Pitching for Bakersfield Cannons : RHP Brenden De Jong
Batting: RHB Mustafa Macias 0-0: Called Strike
0-1: Fly out, F8 (Flyball, 8LD, EV 91.9 MPH)
Batting: RHB Cody Turner 0-0: Ball
1-0: Ball
2-0: Ball
3-0: Base on Balls
Pitching: LHP Dalton Robbins
Batting: RHB Isaac Bonner 0-0: Called Strike
0-1: Ball
1-1: Ball
2-1: Foul Ball, location: 2F
2-2: Foul Ball, location: 2F
2-2: Foul Ball, location: 2F
2-2: Grounds into double play, 4-6-3 (Groundball, 4, EV 84.4 MPH)
Top of the 7th over - 0 runs, 0 hits, 0 errors, 0 left on base; Flushing 3 - Bakersfield 3
BOTTOM OF THE 7TH
Bakersfield Cannons batting - Pitching for Flushing Chiefs : RHP Andy Thorstad
Pitching: RHP Kyle Eckrote
Batting: LHB Carlton Carreon 0-0: Foul Ball, location: 2F
0-1: Fly out, F8 (Flyball, 8LM, EV 93.1 MPH)
Batting: RHB Nelson Dimas 0-0: Ground out 6-3 (Groundball, 56, EV 83.1 MPH)
Batting: RHB Colby Hullinger 0-0: SINGLE (Line Drive, 4D, EV 105.6 MPH)
Batting: RHB Kaileb Romero 0-0: Ball
1-0: Called Strike
1-1: Swinging Strike
1-2: Ball
2-2: Fly out, F3 (Popup, 23F, EV 88.8 MPH)
Bottom of the 7th over - 0 runs, 1 hit, 0 errors, 1 left on base; Flushing 3 - Bakersfield 3
TOP OF THE 8TH
Flushing Chiefs batting - Pitching for Bakersfield Cannons : LHP Dalton Robbins
Batting: RHB Adrien Mondragon 0-0: Foul Ball, location: 2F
0-1: Ball
1-1: Swinging Strike
1-2: Strikes out swinging
Batting: LHB Marco Husted 0-0: Foul Ball, location: 2F
0-1: Called Strike
0-2: Ball
1-2: Ground out U3 (Groundball, 34, EV 100.0 MPH)
Batting: RHB Venric Udaka 0-0: Ball
1-0: Ball
2-0: DOUBLE (Line Drive, 7LM, EV 99.4 MPH)
Batting: RHB Stanton Wamugunda 0-0: Ball
1-0: Ball
2-0: Ball
3-0: Foul Ball, location: 2F
3-1: Foul Ball, location: 2F
3-2: Base on Balls
Batting: RHB Mason Dvorak 0-0: Ground out 4-3 (Groundball, 4, EV 86.9 MPH)
Top of the 8th over - 0 runs, 1 hit, 0 errors, 2 left on base; Flushing 3 - Bakersfield 3
BOTTOM OF THE 8TH
Bakersfield Cannons batting - Pitching for Flushing Chiefs : RHP Kyle Eckrote
Batting: LHB Keon Kakazai 0-0: SINGLE (Line Drive, 8LS, EV 90.6 MPH)
Batting: RHB Adan Natoli 0-0: Called Strike
0-1: Ball
1-1: Swinging Strike
1-2: Ball
2-2: Strikes out swinging
Batting: RHB Jake Christensen 0-0: Called Strike
0-1: Ball
1-1: Foul Ball, location: 2F
1-2: Ball
2-2: Strikes out swinging
Keon Kakazai steals 2nd base
Batter strikes out.
Batting: RHB Marcus McGraw 0-0: Ball
1-0: Foul Ball, location: 2F
1-1: Called Strike
1-2: Ball
2-2: 2-RUN HOME RUN (Flyball, 9D, EV 98.1 MPH), Distance : 403 ft
Batting: LHB Britt Moore 0-0: Ball
1-0: Called Strike
1-1: Called Strike
1-2: Strikes out swinging
Bottom of the 8th over - 2 runs, 2 hits, 0 errors, 0 left on base; Flushing 3 - Bakersfield 5
TOP OF THE 9TH
Flushing Chiefs batting - Pitching for Bakersfield Cannons : LHP Dalton Robbins
Pitching: RHP Kel Ingle
Batting: RHB Vance Thompson 0-0: Swinging Strike
0-1: Swinging Strike
0-2: Ball
1-2: Ball
2-2: Fly out, F7 (Flyball, 7, EV 81.2 MPH)
Pinch Hitting: LHB Gage Berube 0-0: Ball
1-0: Ball
2-0: Ball
3-0: Called Strike
3-1: Foul Ball, location: 2F
3-2: Foul Ball, location: 2F
3-2: Base on Balls
Batting: RHB Cody Turner 0-0: Ball
1-0: Ball
2-0: Called Strike
2-1: Grounds into double play, 6-4-3 (Groundball, 6, EV 105.6 MPH)
Top of the 9th over - 0 runs, 0 hits, 0 errors, 0 left on base; Flushing 3 - Bakersfield 5
Sunday, March 17th , 2024 - OOTP Baseball 23.10 Build 110